 Dungeon Crawl Stone Soup version 0.31-a0-1074-g0b22e4e0f1 (console) character file.

Game seed: 5599054782119595082

372364 petzl the Peltast (level 23, -2/175 HPs)
             Began as a Formicid Delver on Dec 6, 2023.
             Was the Champion of Vehumet.
             Killed by an exploding rockslime (12 damage)
             ... ignited by their inner flame
             ... on level 5 of the Pits of Slime on Dec 10, 2023.
             The game lasted 07:31:09 (69996 turns).

petzl the Peltast (Formicid Delver)                Turns: 69996, Time: 07:31:10

Health: -2/175     AC: 19    Str: 20 (21) XL:     23   Next: 75%
Magic:  8/42       EV: 34    Int: 19      God:    Vehumet [******]
Gold:   2549       SH: 17    Dex: 15      Spells: 3/52 levels left

rFire   + . .        a - +11 orcbow of Ceng {flame, rPois rCorr}
rCold   . . .        d - +2 kite shield {reflect}
rNeg    + . .        F - +3 ring mail of the Orb {Regen+}
rPois   +            (helmet unavailable)
rElec   .            q - +0 cloak {rCorr}
rCorr   +            w - +1 pair of gloves of the Harvest Moon {Will+ Str+2}
SInv    +            y - +3 pair of boots of Polish {rF+ rN+}
Will    +++..        G - dreamdust necklace {Acrobat}
Stlth   ++++         n - +5 ring of evasion
HPRegen 1.29/turn    Z - +4 ring of protection
MPRegen 0.28/turn

%: reflection, acrobat, clarity
@: brilliant, acrobatic
A: permanent stasis, dig shafts and tunnels, antennae 3, four strong arms,
clarity, deformed body, deterioration 1, evolution 1, sturdy frame 2
}: 2/15 runes: decaying, serpentine
a: Dig, Shaft Self, Renounce Religion


You were on level 5 of the Pits of Slime.
You worshipped Vehumet.
Vehumet was exalted by your worship.
You visited 10 branches of the dungeon, and saw 44 of its levels.
You also visited: Sewer, Ossuary and Ice Cave.

You collected 4695 gold pieces.
You spent 2146 gold pieces at shops.

Inventory:

Hand Weapons
 a - the +11 orcbow of Ceng (weapon) {flame, rPois rCorr}
   (You found it on level 3 of the Dungeon)

   rPois:     It protects you from poison rCorr: It protects you from acid and
   corrosion.
 b - the +10 double sword of Masisudo {venom, rF+ rN+ Will+}
   (You took it off a deep elf zephyrmancer on level 3 of the Elven Halls)

   rF+:       It protects you from fire.
   rN+:       It protects you from negative energy.
   Will+:     It increases your willpower.
 g - the +6 Majin-Bo {spellvamp, MP+6 Int+6}
   (You found it on level 2 of the Depths)

   Int+6:     It affects your intelligence (+6).
   MP+6:      It affects your magic capacity (+6).
 k - a +6 scimitar of holy wrath
 I - a +2 flail of protection
Missiles
 h - 5 curare-tipped darts
 L - 4 throwing nets
Armour
 d - a +2 kite shield of reflection (worn)
 q - a +0 cloak of preservation (worn)
 w - the +1 pair of gloves of the Harvest Moon (worn) {Will+ Str+2}
   (You found it on level 3 of the Elven Halls)

   Str+2:     It affects your strength (+2).
   Will+:     It increases your willpower.
 y - the +3 pair of boots of Polish (worn) {rF+ rN+}
   (You found it on level 15 of the Dungeon)

   rF+:       It protects you from fire.
   rN+:       It protects you from negative energy.
 F - the +3 ring mail of the Orb (worn) {Regen+}
   (You took it off a deep elf blademaster on level 3 of the Elven Halls)

   Regen+:    It increases your rate of health regeneration.
 N - the +3 leather armour of Inviolability {+Inv rPois rF+ rCorr}
   (You bought it in a shop on level 3 of the Snake Pit)

   rF+:       It protects you from fire.
   rPois:     It protects you from poison +Inv: It lets you turn invisible.
   rCorr:     It protects you from acid and corrosion.
 T - a +2 tower shield of reflection
Jewellery
 e - a ring of protection from fire
 n - a +5 ring of evasion (left hand)
 s - a ring of flight
 z - the necklace of Bloodlust {Fury *Rage Will++ Int-3 Slay+6}
   (You found it on level 4 of the Swamp)

   [amulet of nothing]

   Fury:      It extends the wearer's berserk rage when killing foes.
   Int-3:     It affects your intelligence (-3).
   Slay+6:    It affects your accuracy & damage with ranged weapons and melee
   (+6).
   Will++:    It greatly increases your willpower.
   *Rage:     It berserks you when you make melee attacks (+50% chance).
 G - the dreamdust necklace (around neck) {Acrobat}
   (You took it off a deep elf death mage on level 3 of the Elven Halls)

   [amulet of the acrobat]

   Acrobat:   It increases your evasion while moving and waiting.
 Z - a +4 ring of protection (right hand)
Wands
 f - a wand of digging (11)
 m - a wand of paralysis (20)
 x - a wand of polymorph (45)
 Q - a wand of roots (9)
 S - a wand of mindburst (16)
 U - a wand of light (3)
Scrolls
 c - 3 scrolls of revelation
 j - 2 scrolls of fear
 l - 6 scrolls of immolation
 r - 7 scrolls of poison
 A - 2 scrolls of fog
 R - 3 scrolls of silence
Potions
 i - 5 potions of lignification
 u - 5 potions of resistance
 v - 5 potions of ambrosia
 B - 4 potions of enlightenment
 D - 4 potions of cancellation
 E - 11 potions of curing
 J - a potion of invisibility
Miscellaneous
 K - a lightning rod (4/4)


   Skills:
 - Level 13.0 Fighting
 + Level 7.7 Long Blades
 - Level 2.2(2.4) Maces & Flails
 - Level 1.2(2.0) Staves
 - Level 12.0 Ranged Weapons
 + Level 9.3 Armour
 - Level 6.0 Dodging
 - Level 9.0 Stealth
 + Level 18.2 Shields
 + Level 15.4 Spellcasting
 + Level 14.0 Conjurations
 - Level 6.0 Translocations
 * Level 13.9 Fire Magic
 - Level 10.0 Ice Magic
 - Level 10.1 Air Magic
 - Level 8.0 Earth Magic
 - Level 5.0 Poison Magic
 - Level 10.0 Evocations


You had 3 spell levels left.
You knew the following spells:

 Your Spells              Type           Power      Damage    Failure   Level
a - Stone Arrow           Conj/Erth      100%       3d13      1%          3
b - Fireball              Conj/Fire      40%        3d16      1%          5
c - Iskenderun's Mystic   Conj/Tloc      68%        2d14      1%          4
d - Plasma Beam           Fire/Air       37%        2x1d50    1%          6
i - Ignition              Fire           40%        3d12      32%         8
l - Freezing Cloud        Conj/Ice/Air   36%        6-21      1%          5
p - Apportation           Tloc           100%       N/A       1%          1
s - Sticky Flame          Conj/Fire      80%        2d9       1%          4
I - Ignite Poison         Fire/Tmut/Pois 55%        N/A       1%          3
Q - Conjure Ball Lightni  Conj/Air       37%        3x3d12    1%          6
T - Olgreb's Toxic Radia  Pois           50%        N/A       2%          4

Your spell library contained the following spells:

 Spells                   Type           Power      Damage    Failure   Level
 Lehudib's Crystal Spear  Conj/Erth      35%        10d9      71%         8
 Chain Lightning          Conj/Air       37%        3d49      100%        9
 Shatter                  Erth           30%        3d25*     100%        9
 Magic Dart               Conj           100%       1d8       0%          1
 Kiss of Death            Conj/Necr      100%       2d13      1%          1
 Shock                    Conj/Air       100%       1d9       1%          1
 Cigotuvi's Dreadful Rot  Necr/Pois/Air  100%       N/A       1%          2
 Lesser Beckoning         Tloc           100%       N/A       1%          2
 Momentum Strike          Conj/Tloc      100%       3d10      1%          2
 Poisonous Vapours        Pois/Air       100%       N/A       1%          2
 Scorch                   Fire           100%       2d9       1%          2
 Searing Ray              Conj           100%       2d8       1%          2
 Dazzling Flash           Conj/Hex       100%       N/A       1%          3
 Gell's Gravitas          Tloc           54%        N/A       1%          3
 Hailstorm                Conj/Ice       74%        3d15      1%          3
 Inner Flame              Hex/Fire       58%        N/A       1%          3
 Mephitic Cloud           Conj/Pois/Air  67%        N/A       1%          3
 Teleport Other           Tloc           54%        N/A       1%          3
 Volatile Blastmotes      Fire/Tloc      100%       2d18      1%          3
 Sting                    Tmut/Pois      100%       1d8       2%          1
 Jinxbite                 Hex            42%        N/A       10%         2
 Confusing Touch          Hex            21%        N/A       19%         3
 Airstrike                Air            34%        2d(5-21)  1%          4
 Flame Wave               Conj/Fire      80%        2d17      1%          4
 Fulminant Prism          Conj/Hex       29%        3d14      1%          4
 Arcjolt                  Conj/Air       37%        1d47      1%          5
 Starburst                Conj/Fire      40%        6d11      1%          6
 Manifold Assault         Tloc           54%        N/A       5%          4
 Summon Ice Beast         Ice/Summ       50%        N/A       9%          4
 Borgnjor's Vile Clutch   Necr/Erth      22%        N/A       34%         5
 Yara's Violent Unravell  Hex/Tmut       10%        3d6       41%         5
 Summon Forest            Summ/Tloc      19%        N/A       45%         5
 Anguish                  Hex/Necr       10%        N/A       54%         4
 Animate Dead             Necr           21%        N/A       54%         4
 Cause Fear               Hex            10%        N/A       54%         4
 Dispel Undead            Necr           21%        3d11      54%         4
 Alistair's Intoxication  Tmut/Pois      24%        N/A       54%         5
 Dispersal                Tloc           27%        N/A       63%         6
 Eringya's Noxious Bog    Tmut/Pois      18%        4d6       63%         6
 Simulacrum               Ice/Necr       25%        N/A       77%         6
 Summon Mana Viper        Hex/Summ       21%        N/A       87%         5
 Death Channel            Necr           10%        N/A       100%        6
 Summon Cactus Giant      Summ           10%        N/A       100%        6
 Enfeeble                 Hex            10%        N/A       100%        7
 Haunt                    Necr/Summ      10%        N/A       100%        7
 Monstrous Menagerie      Summ           10%        N/A       100%        7
 Summon Hydra             Summ           10%        N/A       100%        7
 Discord                  Hex            10%        N/A       100%        8
 Infestation              Necr           10%        N/A       100%        8
 Dragon's Call            Summ           10%        N/A       100%        9
 Blink                    Tloc           Unusable   N/A       N/A         2
 Swiftness                Air            Unusable   N/A       N/A         3
 Vhi's Electric Charge    Tloc/Air       Unusable   N/A       N/A         4

Dungeon Overview and Level Annotations

Branches:
Dungeon (15/15)            Temple (1/1) D:5            Lair (5/5) D:9
  Swamp (4/4) Lair:3        Snake (4/4) Lair:2        Slime (5/5) Lair:4
    Orc (2/2) D:10            Elf (3/3) Orc:2        Vaults (1/5) D:14
 Depths (4/4) D:15          Sewer (visited)         Ossuary (visited)
  IceCv (visited)
    Zot: Depths:4

Altars:
Ashenzari
Cheibriados
Dithmenos
Elyvilon
Fedhas
Gozag
Hepliaklqana
Kikubaaqudgha
Makhleb
Nemelex Xobeh
Okawaru
Qazlal
Ru
Sif Muna
Trog
Uskayaw
Vehumet
Wu Jian
Xom
Yredelemnul
Zin
The Shining One
Jiyva
Lugonu

Shops:
D:15 ([   Orc:1 ?   Orc:2 *:[(   Snake:3 *

Portals:
Hell: Depths:1 Depths:2 Depths:3
Abyss: Depths:1 Depths:2 Depths:3
Pandemonium: Depths:2
Ziggurat: Depths:1

Annotations:
D:4 2 runed translucent doors, exclusion: upstairs, superbruh's ghost, amateur DsGl
D:12 1 runed translucent door, Smoke131's ghost, journeyman OgGl
D:14 exclusion: downstairs
D:15 exclusion: downstairs
Lair:2 2 transporters, MrSquiggles's ghost, journeyman OpEn
Swamp:1 !X
Swamp:3 !X
Swamp:4 exclusion: upstairs
Snake:2 Yschutux's ghost, adept DrMo
Slime:3 exclusion: downstairs
Slime:4 exclusion: downstairs
Depths:1 exclusion: 3 downstairs
Depths:2 exclusion: downstairs
Depths:3 exclusion: 3 downstairs, Josephina


Innate Abilities, Weirdness & Mutations

You cannot be hasted, slowed, berserked, paralysed or teleported.
You can dig through walls and to a lower floor.
You have a pair of large antennae on your head. (SInv)
Your four strong arms can wield two-handed weapons with a shield.
You possess an exceptional clarity of mind.
Armour fits poorly on your strangely shaped body.
Your body sometimes deteriorates upon taking damage.
You have hidden genetic potential.
Your movements are less encumbered by armour. (ER -4)


Message History

The rockslime collides with the rockslime!
Flame seeps out of the rockslime.
The rockslime is severely wounded.
The mystic blast hits the rockslime.
Flame seeps out of the rockslime.
The rockslime is almost dead.
The rockslime is knocked back by the mystic blast.
The rockslime slams into the slime covered rock wall!
Flame seeps out of the rockslime.
The rockslime is almost dead.
The mystic blast hits the rockslime!
Flame seeps out of the rockslime.
The rockslime is heavily wounded.
The mystic blast hits the rockslime but does no damage.
The rockslime is heavily wounded.
The mystic blast hits the rockslime.
Flame seeps out of the rockslime.
The rockslime is severely wounded.
The mystic blast hits the rockslime!
Flame seeps out of the rockslime.
The rockslime is almost dead.
The rockslime explodes!
The fiery explosion engulfs the rockslime.
The rockslime resists.
Flame seeps out of the rockslime.
The rockslime is almost dead.
The fiery explosion engulfs the rockslime.
The rockslime resists.
Flame seeps out of the rockslime.
The rockslime is severely wounded.
The fiery explosion engulfs the rockslime.
The rockslime resists.
Flame seeps out of the rockslime.
The rockslime is heavily wounded.
The fiery explosion engulfs the rockslime!
The rockslime resists.
Flame seeps out of the rockslime.
The rockslime is almost dead.
The fiery explosion engulfs the rockslime.
The rockslime resists.
Flame seeps out of the rockslime.
The rockslime is moderately wounded.
The fiery explosion engulfs the rockslime.
The rockslime resists.
Flame seeps out of the rockslime.
The rockslime is almost dead.
The fiery explosion engulfs the rockslime!
The rockslime resists.
That felt strangely unrewarding.
The fiery explosion engulfs you! You resist.
You die...

## ### ####.##.# #..##...###
######.§..#....## ##
##.#○..☼.§.......## #
##.##..°J.....<.......###.
##.....JJ§§..○§............
##......@JJJ..☼○............
###.............§☼............
#...............§§............
#...............§.............
.................§............
..............................
................J.............
..............................
..............................
..............................
.......................^.....
............................
...........................
..........................
.........................
##.#........ # ##.......
###..... ##....


You could see an acid blob and 6 rockslimes.

Vanquished Creatures
  the Royal Jelly (Slime:5)
  Vashnia (Snake:2)
  Nikola (Swamp:3)
  Norris (Elf:3)
  Jorgrun (D:15)
  2 deep elf blademasters (Elf:3)
  3 liches
  2 deep elf master archers (Elf:3)
  17 acid blobs
  Frances (Swamp:2)
  Kirke (D:14)
  3 tengu reavers
  Aizul (Snake:2)
  6 azure jellies
  4 fire giants
  7 nagarajas
  5 rockslimes
  4 deep elf sorcerers
  6 frost giants
  2 deep elf elementalists (Elf:3)
  10 quicksilver oozes
  11 very ugly things
  A vampire knight (Depths:3)
  3 formless jellyfish (Slime:3)
  5 eleionomae
  3 deep elf demonologists (Elf:3)
  2 stone giants
  Azrael (Elf:1)
  5 deep elf annihilators (Elf:3)
  2 bunyips
  4 spark wasps (Depths:3)
  Snorg (Orc:1)
  6 fire dragons
  6 deep elf death magi (Elf:3)
  7 ettins
  2 deep elf high priests (Elf:3)
  3 shambling mangroves
  3 salamander tyrants (Snake:4)
  8 great orbs of eyes
  A caustic shrike simulacrum (Depths:2)
  A quicksilver dragon skeleton (Depths:2)
  4 vault guards (D:14)
  A hell beast (Depths:2)
  A rakshasa (D:14)
  12 hydras
  2 ice dragons
  3 ghost crabs
  3 ogre magi
  2 catoblepae
  A spriggan air mage (Depths:3)
  8 alligators
  14 two-headed ogres
  14 anacondas
  40 dancing weapons
  5 boulder beetles
  3 death yaks
  7 deep troll shamans
  6 centaur warriors
  15 naga warriors
  5 tengu warriors
  An orc high priest (Elf:3)
  3 vampire magi (Depths:2)
  22 naga sharpshooters
  7 deep troll earth magi
  An occultist (D:15)
  3 spriggan berserkers
  Sonja (Orc:2)
  A sun demon (Depths:2)
  3 shock serpents (Snake:2)
  A soul eater (Depths:2)
  5 skysharks
  10 iron trolls
  24 deep elf knights
  5 salamander mystics
  2 spriggan druids (Swamp:1)
  A tengu zombie (Depths:2)
  8 goliath frogs
  A flayed ghost (Depths:1)
  3 bog bodies (Swamp:1)
  21 deep trolls
  7 glowing orange brains
  8 naga ritualists
  An arcanist (D:14)
  8 swamp dragons
  9 deep elf archers
  A wolf spider zombie (D:15)
  14 mana vipers
  2 orc knights
  2 phantasmal warriors (Depths:3)
  6 necromancers
  37 deep elf zephyrmancers
  12 ugly things
  2 orc sorcerers (D:15)
  3 will-o-the-wisps
  6 cyclopes
  13 shining eyes
  33 deep elf pyromancers
  16 salamanders
  9 elephants
  4 manticores
  33 black mambas
  2 ice statues
  10 guardian serpents
  3 torpor snails
  4 cane toads
  22 eyes of devastation
  13 naga magi
  2 unseen horrors
  6 gargoyles
  A hellion (Depths:2)
  An efreet (D:13)
  2 rime drakes
  2 tengu conjurers
  5 yaktaurs (D:14)
  3 ice devils (Lair:3)
  11 komodo dragons
  A centaur skeleton (D:15)
  An anaconda simulacrum (Lair:3)
  A kobold demonologist (D:9)
  2 golden dragon simulacra (Depths:3)
  12 trolls
  21 polar bears
  18 hornets
  4 bloated husks
  2 glass eyes
  A raiju (shapeshifter) (Elf:2)
  16 dream sheep
  7 tyrant leeches
  14 blink frogs
  83 slime creatures
  2 centaur simulacra (D:15)
  11 air elementals
  3 vampires
  21 spriggans
  7 wyverns
  3 wraiths
  2 basilisks
  6 fire elementals
  6 water elementals
  4 chaos spawn (Elf:3)
  68 yaks
  A human (D:14)
  23 golden eyes
  4 hogs
  5 steam dragons
  10 vampire mosquitoes
  Menkaure (D:5)
  2 wargs (Orc:2)
  13 swamp worms
  33 nagas
  6 acid dragons
  3 hell hounds (Elf:1)
  11 water moccasins
  23 orc warriors
  6 swamp drakes
  An ice beast (D:5)
  A sky beast (D:7)
  5 black bears
  29 ogres
  3 boggarts (Lair:5)
  47 wolves
  4 centaurs
  A phantom (D:4)
  6 kobold brigands
  10 bullfrogs
  A gnoll sergeant (D:12)
  4 earth elementals
  4 scorpions
  A glowing shapeshifter simulacrum (Depths:3)
  9 killer bees
  2 electric eels
  2 howler monkeys
  16 orc priests
  7 centaur zombies
  A hound (D:5)
  2 jellies
  Crazy Yiuf (D:3)
  2 gnoll boudas
  7 hell rats (Lair:5)
  14 orc wizards
  4 iguanas
  2 polar bear simulacra (Lair:3)
  3 spriggan simulacra
  A troll simulacrum (Lair:3)
  A wolf simulacrum (Lair:3)
  6 mummies (Ossuary)
  15 gnolls
  7 adders
  A naga simulacrum (Lair:3)
  A river rat (Sewer)
  A white imp (D:7)
  4 worms
  3 dart slugs
  95 orcs
  5 bats
  7 endoplasms
  6 giant cockroaches
  6 goblins
  9 hobgoblins
  4 jackals (D:1)
  A quokka (D:4)
  15 ball pythons
  13 frilled lizards
  A hobgoblin zombie (Ossuary)
  29 kobolds
  8 rats
1621 creatures vanquished.

Vanquished Creatures (collateral kills)
  A ball lightning (Snake:4)
1 creature vanquished.

Vanquished Creatures (others)
  36 ball lightnings
  20 foxfires
56 creatures vanquished.

Grand Total: 1678 creatures vanquished

Notes
Turn   | Place    | Note
-------+----------+-------------------------------------------
     0 | D:5      | petzl the Formicid Delver began the quest for the Orb.
     0 | D:5      | Reached XP level 1. HP: 18/18 MP: 1/1
    28 | D:5      | Noticed a hound
    65 | D:6      | Noticed a scorpion
   147 | D:6      | Found a glowing drain.
   245 | Sewer    | Entered a sewer
   273 | Sewer    | Reached XP level 2. HP: 15/24 MP: 2/2
   422 | Sewer    | Reached skill level 1 in Spellcasting
   422 | Sewer    | Reached XP level 3. HP: 21/29 MP: 2/5
   455 | Sewer    | Noticed a kobold brigand
   466 | Sewer    | Killed a kobold brigand
   467 | Sewer    | Reached XP level 4. HP: 27/35 MP: 6/9
   603 | Sewer    | Reached XP level 5. HP: 40/41 MP: 10/10
   765 | D:6      | Noticed a steam dragon
   787 | D:6      | Noticed an orc warrior
   815 | D:5      | Gained mutation: You are clumsy. (Dex -2) [potion of
                  | mutation]
   818 | D:5      | HP: 1/41 [poisoned by an orc priest]
  1260 | D:5      | Found a snail-covered altar of Cheibriados.
  1358 | D:3      | HP: 1/41 [goblin/+1 dagger of electrocution (3)]
  1539 | D:3      | You fall into a shaft and drop 2 floors!
  1930 | D:5      | Reached XP level 6. HP: 30/47 MP: 12/12
  2012 | D:5      | Reached skill level 1 in Ranged Weapons
  3489 | D:2      | Identified the +0 robe "Uddihuwk" {-Cast rPois Dex+3}
  3930 | D:3      | Reached skill level 5 in Spellcasting
  4099 | D:3      | Identified the +11 orcbow of Ceng {flame, rPois rCorr}
  4730 | D:3      | Reached XP level 7. HP: 31/52 MP: 10/14
  5016 | D:3      | Found a runed translucent door.
  5018 | D:3      | Noticed Crazy Yiuf
  5179 | D:3      | Killed Crazy Yiuf
  5772 | D:4      | Found a runed translucent door.
  5773 | D:4      | Noticed superbruh's ghost (amateur DsGl)
  5911 | D:4      | Found a runed translucent door.
  6331 | D:5      | Found a staircase to the Ecumenical Temple.
  6335 | D:5      | Reached XP level 8. HP: 58/58 MP: 17/17
  6338 | Temple   | Entered the Ecumenical Temple
  6344 | Temple   | Became a worshipper of Vehumet
  6496 | D:5      | Noticed Menkaure
  6504 | D:5      | Killed Menkaure
  6505 | D:5      | Reached skill level 5 in Ranged Weapons
  6563 | D:5      | Learned a level 1 spell: Magic Dart
  7478 | D:7      | Reached skill level 1 in Conjurations
  7490 | D:7      | Reached skill level 1 in Armour
  7531 | D:7      | Reached skill level 1 in Evocations
  7752 | D:6      | Reached XP level 9. HP: 65/65 MP: 19/19
  8312 | D:7      | Reached * piety under Vehumet
  8312 | D:7      | Offered knowledge of Kiss of Death by Vehumet.
  8949 | D:7      | Found a sacrificial altar of Ru.
  9152 | D:8      | Noticed a hornet
  9155 | D:8      | Killed a hornet
  9156 | D:8      | Reached skill level 5 in Fighting
  9197 | D:8      | Found a shadowy altar of Dithmenos.
  9244 | D:8      | Found a sand-covered staircase.
  9251 | Ossuary  | Entered an ossuary
  9261 | Ossuary  | Reached XP level 10. HP: 63/74 MP: 16/21
  9606 | D:8      | Found a shimmering blue altar of Sif Muna.
  9778 | D:8      | Reached ** piety under Vehumet
  9778 | D:8      | Offered knowledge of Static Discharge by Vehumet.
  9801 | D:8      | Reached skill level 5 in Conjurations
 10116 | D:8      | Offered knowledge of Frozen Ramparts by Vehumet.
 10233 | D:9      | Noticed a cacodemon
 10234 | D:9      | Found a burning altar of Makhleb.
 10237 | D:9      | Noticed a kobold demonologist
 10237 | D:9      | Found a glowing silver altar of Zin.
 10237 | D:9      | Noticed an angel
 10257 | D:9      | Noticed a rust devil
 10294 | D:10     | Entered Level 10 of the Dungeon
 10480 | D:9      | Reached *** piety under Vehumet
 10500 | D:9      | Noticed an ice devil
 10518 | D:9      | You fall into a shaft and drop 3 floors!
 10582 | D:13     | Noticed a white ugly thing
 10582 | D:13     | Noticed a centaur warrior
 10698 | D:9      | Found a staircase to the Lair.
 10706 | D:9      | Reached XP level 11. HP: 79/81 MP: 23/23
 10742 | D:9      | Found a bloodstained altar of Trog.
 10963 | D:9      | Reached skill level 5 in Armour
 11216 | D:10     | You fall into a shaft and drop 2 floors!
 11271 | D:12     | Found a runed translucent door.
 11271 | D:12     | Found a shimmering altar of Xom.
 11271 | D:12     | Noticed Smoke131's ghost (journeyman OgGl)
 11272 | D:12     | Noticed a +2 trident of chaos
 11310 | D:12     | Reached skill level 5 in Dodging
 11356 | D:12     | Noticed a boulder beetle
 11494 | D:12     | Noticed a centaur warrior
 11529 | D:12     | Killed a centaur warrior
 11777 | D:12     | Noticed a cyan ugly thing
 11799 | D:12     | Noticed a manticore
 11850 | D:12     | Noticed a cyan ugly thing
 11927 | D:12     | You fall into a shaft and drop 1 floor!
 12168 | D:12     | Noticed a cyclops
 12321 | D:11     | Offered knowledge of Sticky Flame by Vehumet.
 12332 | D:11     | Learned a level 4 spell: Sticky Flame
 12432 | D:10     | Found a white marble altar of Elyvilon.
 12433 | D:10     | Found a shimmering altar of Xom.
 12488 | D:10     | Found a glowing golden altar of the Shining One.
 12689 | D:10     | Noticed a two-headed ogre
 12691 | D:10     | Reached skill level 1 in Fire Magic
 12816 | D:10     | You fall into a shaft and drop 3 floors!
 12971 | D:13     | Noticed a boulder beetle
 13114 | D:13     | Noticed a manticore
 13119 | D:13     | Killed a manticore
 13262 | D:12     | Killed a manticore
 13263 | D:12     | Reached XP level 12. HP: 87/89 MP: 25/25
 13312 | D:12     | You fall into a shaft and drop 3 floors!
 13312 | D:15     | Entered Level 15 of the Dungeon
 13530 | D:15     | Noticed a centaur warrior
 13542 | D:15     | HP: 4/89 [centaur warrior/arrow (12)]
 13807 | D:13     | Noticed a centaur warrior
 13813 | D:13     | Killed a centaur warrior
 13852 | D:13     | Killed a boulder beetle
 13906 | D:13     | Killed a centaur warrior
 13919 | D:13     | Reached **** piety under Vehumet
 14266 | D:10     | Killed a two-headed ogre
 14354 | D:10     | Found a staircase to the Orcish Mines.
 14868 | D:11     | Found a shimmering blue altar of Sif Muna.
 15038 | D:11     | Noticed a catoblepas
 15177 | D:11     | Killed a catoblepas
 15178 | D:11     | Reached skill level 5 in Fire Magic
 15282 | D:12     | Killed a boulder beetle
 15282 | D:12     | Offered knowledge of Stone Arrow by Vehumet.
 15287 | D:12     | Learned a level 3 spell: Stone Arrow
 15469 | D:12     | Reached skill level 1 in Earth Magic
 15568 | D:12     | Reached XP level 13. HP: 96/96 MP: 26/26
 16400 | D:14     | Reached skill level 10 in Spellcasting
 16470 | D:14     | Noticed a vault guard
 16473 | D:14     | Noticed a vault guard
 16936 | D:14     | Noticed a vault guard
 16947 | D:14     | Killed a vault guard
 16972 | D:14     | Killed a vault guard
 16993 | D:14     | Reached skill level 10 in Ranged Weapons
 16993 | D:14     | Reached skill level 5 in Earth Magic
 17000 | D:14     | Killed a vault guard
 17187 | D:14     | You are sucked into a shaft and drop 1 floor!
 17464 | D:15     | Found Alaguopa's Weapon Boutique.
 17513 | D:15     | Found Bufoxt's Antique Armour Shop.
 17515 | D:15     | Bought a pair of boots for 112 gold pieces
 17539 | D:15     | Noticed an ogre mage
 17544 | D:15     | Killed an ogre mage
 17546 | D:15     | Noticed a centaur warrior
 17570 | D:15     | Killed a centaur warrior
 17677 | D:15     | Reached skill level 10 in Conjurations
 17688 | D:15     | Killed a centaur warrior
 17872 | D:14     | Noticed a centaur warrior
 17880 | D:14     | Killed a centaur warrior
 18040 | D:14     | Reached XP level 14. HP: 96/106 MP: 28/28
 18490 | D:14     | Reached skill level 1 in Staves
 18659 | D:14     | Found a gate to the Vaults.
 19070 | Lair:1   | Entered Level 1 of the Lair of Beasts
 19181 | Lair:1   | Reached skill level 1 in Shields
 19340 | Lair:1   | Reached skill level 2 in Shields
 19696 | Lair:1   | Reached skill level 3 in Shields
 20469 | Lair:2   | Reached ***** piety under Vehumet
 20471 | Lair:2   | Offered knowledge of Iskenderun's Battlesphere by Vehumet.
 20542 | Lair:2   | You are sucked into a shaft and drop 1 floor!
 20632 | Lair:3   | Reached skill level 4 in Shields
 20865 | Lair:3   | Found a frozen archway.
 20874 | IceCv    | Entered an ice cave
 20883 | IceCv    | Learned a level 6 spell: Plasma Beam
 20911 | IceCv    | Reached skill level 5 in Shields
 21089 | IceCv    | Reached skill level 1 in Air Magic
 21644 | IceCv    | Identified the +6 ice dragon scales of Qigit {Rampage +Inv
                  | rF- rC++ Stlth+}
 21856 | IceCv    | Reached skill level 6 in Shields
 21962 | IceCv    | Noticed a frost giant
 21989 | IceCv    | Killed a frost giant
 21990 | IceCv    | Reached XP level 15. HP: 100/115 MP: 30/30
 22080 | IceCv    | Reached skill level 10 in Fighting
 22191 | IceCv    | Identified the +1 leather armour of Imperfection {Fly
                  | Stlth+}
 22298 | Lair:3   | Offered knowledge of Starburst by Vehumet.
 22678 | Lair:2   | Found a staircase to the Snake Pit.
 22804 | Lair:2   | Reached skill level 7 in Shields
 22979 | Lair:2   | Found a transporter.
 22979 | Lair:2   | Found a transporter.
 22980 | Lair:2   | Noticed MrSquiggles's ghost (journeyman OpEn)
 23883 | Lair:3   | Reached skill level 5 in Air Magic
 24141 | Lair:3   | Found a staircase to the Swamp.
 24398 | Lair:4   | Reached skill level 8 in Shields
 24729 | Lair:4   | Found a viscous altar of Jiyva.
 24729 | Lair:4   | Found a staircase to the Slime Pits.
 24780 | Lair:5   | Entered Level 5 of the Lair of Beasts
 24926 | Lair:5   | Offered knowledge of Eringya's Noxious Bog by Vehumet.
 26054 | Lair:5   | Reached skill level 9 in Shields
 26348 | Lair:5   | Reached XP level 16. HP: 76/117 MP: 13/31
 27035 | Lair:5   | Identified the +2 robe "Tifohosm" {Rampage rPois}
 27154 | Lair:5   | Learned a level 5 spell: Fireball
 27814 | D:15     | Noticed Jorgrun
 27835 | D:15     | Killed Jorgrun
 27836 | D:15     | Reached skill level 10 in Shields
 28100 | D:15     | Offered knowledge of Lee's Rapid Deconstruction by Vehumet.
 28163 | D:15     | Noticed Kirke
 28607 | D:14     | Reached skill level 10 in Fire Magic
 29225 | D:15     | Identified the +3 pair of boots of Polish {rF+ rN+}
 29307 | D:15     | Found a staircase to the Depths.
 29312 | Depths:1 | Entered Level 1 of the Depths
 29972 | D:15     | Noticed a sphinx
 29978 | D:14     | Killed Kirke
 30197 | Orc:1    | Entered Level 1 of the Orcish Mines
 30438 | Orc:2    | Entered Level 2 of the Orcish Mines
 30439 | Orc:2    | Noticed Sonja
 30444 | Orc:2    | Killed Sonja
 30829 | Orc:1    | Found Vav Dody's Magic Scroll Emporium.
 30832 | Orc:1    | Bought a scroll of identify for 24 gold pieces
 30832 | Orc:1    | Bought a scroll of identify for 24 gold pieces
 30832 | Orc:1    | Bought a scroll of revelation for 90 gold pieces
 30832 | Orc:1    | Bought a scroll of identify for 24 gold pieces
 30832 | Orc:1    | Bought a scroll of identify for 24 gold pieces
 30875 | Orc:1    | Noticed Snorg
 30891 | Orc:1    | Killed Snorg
 31184 | Orc:2    | Offered knowledge of Yara's Violent Unravelling by Vehumet.
 31377 | Orc:2    | Reached skill level 11 in Shields
 31606 | Orc:2    | Found Tayrchasi's Weapon Boutique.
 31673 | Orc:2    | Found Ecvil's Book Emporium.
 31674 | Orc:2    | Found Kiumueck's Antique Armour Boutique.
 31687 | Orc:2    | Found Sodghuorr's Assorted Antiques.
 31711 | Orc:2    | Found a staircase to the Elven Halls.
 31918 | Orc:2    | Bought a glowing kite shield for 217 gold pieces
 31918 | Orc:2    | Bought an embroidered cloak for 217 gold pieces
 31958 | Orc:2    | Bought the Unrestrained Analects for 690 gold pieces
 31958 | Orc:2    | Bought a Trismegistus Codex for 390 gold pieces
 31966 | Orc:2    | Learned a level 5 spell: Freezing Cloud
 31971 | Orc:2    | Learned a level 4 spell: Olgreb's Toxic Radiance
 31975 | Orc:2    | Learned a level 3 spell: Ignite Poison
 32269 | Swamp:1  | Entered Level 1 of the Swamp
 32352 | Swamp:1  | Reached XP level 17. HP: 130/130 MP: 22/32
 32448 | Swamp:1  | Reached skill level 1 in Ice Magic
 33174 | Swamp:1  | Noticed a tentacled monstrosity
 33280 | Swamp:2  | Noticed Frances
 34032 | Swamp:2  | Killed Frances
 34327 | Swamp:3  | Noticed Nikola
 34327 | Swamp:3  | Found an opulent altar of Gozag.
 34342 | Swamp:3  | Killed Nikola
 34343 | Swamp:3  | Reached skill level 12 in Shields
 35689 | Swamp:4  | Entered Level 4 of the Swamp
 35689 | Swamp:4  | Found the necklace of Bloodlust {Fury *Rage Will++ Int-3
                  | Slay+6}
 35931 | Swamp:3  | Noticed a tentacled monstrosity
 36789 | Snake:1  | Entered Level 1 of the Snake Pit
 36926 | Snake:1  | Offered knowledge of Conjure Ball Lightning by Vehumet.
 36969 | Lair:2   | Learned a level 6 spell: Conjure Ball Lightning
 37364 | Snake:1  | Reached skill level 5 in Ice Magic
 37413 | Snake:1  | Reached XP level 18. HP: 138/138 MP: 22/33
 37617 | Snake:1  | Reached skill level 13 in Shields
 38100 | Snake:2  | Noticed Vashnia
 38372 | Snake:2  | Found an ancient bone altar of Kikubaaqudgha.
 39252 | Snake:2  | Identified the serpent talisman of the Shore {+Blink
                  | Stlth+}
 39252 | Snake:2  | Noticed Aizul
 39281 | Snake:2  | Killed Aizul
 39396 | Snake:2  | Learned a level 1 spell: Apportation
 39577 | Snake:2  | Killed Vashnia
 39912 | Snake:2  | Offered knowledge of Spellforged Servitor by Vehumet.
 40515 | Snake:2  | Identified the +6 flail of Tyntovyi {distort, Str+3}
 40776 | Snake:4  | Entered Level 4 of the Snake Pit
 40897 | Snake:2  | Reached skill level 1 in Translocations
 40944 | Snake:2  | Identified the +0 buckler "Nykkoith" {+Inv rC- rN+ Dex+4}
 40960 | Snake:2  | Identified the +1 dagger "Liptaareipt" {freeze, Stlth+}
 41700 | Snake:3  | Found Ifumoqal's CLEARANCE SALE!.
 41718 | Snake:3  | Bought the +3 leather armour of Inviolability {+Inv rPois
                  | rF+ rCorr} for 286 gold pieces
 41718 | Snake:3  | Bought a potion of mutation for 48 gold pieces
 41772 | Snake:3  | Reached skill level 14 in Shields
 42002 | Snake:3  | Found a runed translucent door.
 42002 | Snake:3  | Noticed Yschutux's ghost (adept DrMo)
 42477 | Snake:4  | Reached XP level 19. HP: 144/144 MP: 7/34
 42771 | Snake:4  | Found a glowing silver altar of Zin.
 43767 | Snake:4  | Reached skill level 10 in Air Magic
 43797 | Snake:4  | Reached ****** piety under Vehumet
 44316 | Snake:4  | Offered knowledge of Lehudib's Crystal Spear by Vehumet.
 44316 | Snake:4  | Offered knowledge of Shatter by Vehumet.
 44316 | Snake:4  | Offered knowledge of Chain Lightning by Vehumet.
 44498 | Snake:4  | Got a serpentine rune of Zot
 44675 | Snake:2  | You fall into a shaft and drop 1 floor!
 45232 | Vaults:1 | Entered Level 1 of the Vaults
 45821 | Swamp:3  | You are sucked into a shaft and drop 1 floor!
 46929 | Swamp:4  | Reached skill level 1 in Poison Magic
 47099 | Swamp:4  | Reached skill level 15 in Shields
 47647 | Swamp:4  | Got a decaying rune of Zot
 48248 | Depths:1 | Found a one-way gateway to a ziggurat.
 48982 | Depths:1 | Found a one-way gate to the infinite horrors of the Abyss.
 49064 | Depths:1 | Reached XP level 20. HP: 150/153 MP: 16/36
 49465 | Depths:1 | Found a gateway to Hell.
 49953 | Depths:1 | Found a blossoming altar of Fedhas.
 50341 | Elf:1    | Entered Level 1 of the Elven Halls
 51131 | Elf:1    | Reached skill level 5 in Evocations
 51789 | Elf:1    | Reached skill level 5 in Translocations
 52729 | Elf:3    | Entered Level 3 of the Elven Halls
 53366 | Elf:1    | Noticed Azrael
 53375 | Elf:1    | Killed Azrael
 53435 | Elf:1    | Reached skill level 5 in Poison Magic
 54143 | Elf:2    | Found a large runed translucent door.
 54143 | Elf:2    | Found a large runed translucent door.
 54199 | Elf:2    | Found a large runed translucent door.
 54199 | Elf:2    | Found a large runed translucent door.
 54691 | Elf:3    | Reached XP level 21. HP: 161/161 MP: 31/37
 54834 | Elf:3    | Identified the +3 ring mail of the Orb {Regen+}
 55362 | Elf:3    | Identified the +1 mace "Enyupt" {flame, rF+ rC+ rN+ Str-5}
 55574 | Elf:3    | Identified the +10 double sword of Masisudo {venom, rF+ rN+
                  | Will+}
 55575 | Elf:3    | Identified the ring "Meacytu" {Fly rF+ rC- rCorr Int+5}
 55744 | Elf:3    | Reached skill level 16 in Shields
 55876 | Elf:3    | Reached skill level 10 in Ice Magic
 56011 | Elf:3    | Got the Exposition on Generation
 56026 | Elf:3    | Identified the staff "Nehuw" {rElec rF+ Dex+3 Stlth+ Fire
                  | Ice}
 56126 | Elf:3    | Identified the dragon-blood talisman of Vehumet's Approval
                  | {Str+3}
 56154 | Elf:3    | Got Komov's Handbook of the Unfortunate Door
 56160 | Elf:3    | Learned a level 4 spell: Iskenderun's Mystic Blast
 56161 | Elf:3    | Identified the +1 pair of gloves of the Harvest Moon {Will+
                  | Str+2}
 56264 | Elf:3    | Noticed Norris
 56295 | Elf:3    | Killed Norris
 56297 | Elf:3    | Reached skill level 1 in Long Blades
 56390 | Elf:3    | Found a shimmering blue altar of Sif Muna.
 56896 | Elf:2    | You fall into a shaft and drop 1 floor!
 56981 | Elf:3    | Identified the +1 shortbow of Disembowelment {freeze, rN+}
 57169 | Elf:2    | You fall into a shaft and drop 1 floor!
 57510 | Elf:2    | You fall into a shaft and drop 1 floor!
 57931 | Elf:2    | You fall into a shaft and drop 1 floor!
 58464 | Elf:2    | You fall into a shaft and drop 1 floor!
 58591 | Elf:2    | You fall into a shaft and drop 1 floor!
 59746 | Depths:1 | HP: 6/162 [frost giant/bolt of cold (30)]
 59757 | Depths:1 | Saved by the dreamshard amulet
 60068 | Depths:2 | Reached XP level 22. HP: 118/167 MP: 6/39
 60799 | Depths:2 | Found a one-way gate leading to the halls of Pandemonium.
 60826 | Depths:3 | Reached skill level 5 in Long Blades
 60913 | Depths:3 | Identified the ring "Hurinez" {Ice Contam Int+9}
 60913 | Depths:3 | Noticed Josephina
 61149 | Depths:2 | Found a corrupted altar of Lugonu.
 61291 | Depths:2 | Reached skill level 17 in Shields
 61805 | Depths:2 | Found the +6 Majin-Bo {spellvamp, MP+6 Int+6}
 62294 | Depths:3 | Found a hide-covered altar of Uskayaw.
 63142 | Depths:4 | Entered Level 4 of the Depths
 64617 | Depths:3 | Got the Compendium of the Shot and Causimancy
 65022 | Depths:4 | Noticed a juggernaut
 65460 | Slime:1  | Entered Level 1 of the Pits of Slime
 65493 | Slime:1  | You fall into a shaft and drop 1 floor!
 65498 | Slime:2  | Gained mutation: You are frail. (-10% HP) [a shining eye]
 65503 | Slime:1  | Gained mutation: You do not regenerate when monsters are
                  | visible. [a shining eye]
 65504 | Slime:1  | You fall into a shaft and drop 1 floor!
 65511 | Slime:2  | Gained mutation: Armour fits poorly on your strangely
                  | shaped body. [a shining eye]
 65512 | Slime:2  | Gained mutation: Your body sometimes deteriorates upon
                  | taking damage. [a shining eye]
 65515 | Slime:2  | Gained mutation: Your magical capacity is low. (-10% MP) [a
                  | shining eye]
 65516 | Slime:2  | Gained mutation: Your body often deteriorates upon taking
                  | damage. [a shining eye]
 65519 | Slime:3  | Reached skill level 15 in Spellcasting
 65519 | Slime:3  | Reached XP level 23. HP: 49/138 MP: 2/37
 65532 | Slime:3  | Gained mutation: You are dopey. (Int -2) [a shining eye]
 65540 | Slime:3  | Gained mutation: You are very frail. (-20% HP) [a shining
                  | eye]
 65541 | Slime:3  | Gained mutation: You are very clumsy. (Dex -4) [a shining
                  | eye]
 65541 | Slime:3  | Gained mutation: You are vulnerable to heat. (rF-) [a
                  | shining eye]
 65545 | Slime:3  | Gained mutation: Your magical capacity is very low. (-20%
                  | MP) [a shining eye]
 65577 | Slime:3  | You fall into a shaft and drop 1 floor!
 65601 | Slime:4  | Gained mutation: Your spells are a little easier to cast,
                  | but a little less powerful. [a shining eye]
 65653 | Slime:3  | Gained mutation: You occasionally shout uncontrollably at
                  | your foes. [a shining eye]
 65827 | Slime:3  | Learned a level 8 spell: Ignition
 66363 | Slime:2  | Lost mutation: You are dopey. (Int -2) [a shining eye]
 66402 | Slime:2  | Gained mutation: You are dopey. (Int -2) [a shining eye]
 66406 | Slime:3  | Gained mutation: You are weak. (Str -2) [a shining eye]
 66407 | Slime:3  | Gained mutation: You are very weak. (Str -4) [a shining
                  | eye]
 66538 | Slime:2  | Found a viscous altar of Jiyva.
 66892 | Slime:3  | Gained mutation: You occasionally lose the ability to drink
                  | potions when taking damage. [a shining eye]
 66894 | Slime:3  | Gained mutation: You occasionally lose the ability to read
                  | scrolls when taking damage. [a shining eye]
 67500 | Slime:1  | You fall into a shaft and drop 1 floor!
 67607 | Slime:1  | Gained mutation: You are very dopey. (Int -4) [a shining
                  | eye]
 67690 | Slime:1  | Reached skill level 18 in Shields
 68823 | D:10     | Lost mutation: You are very dopey. (Int -4) [potion of
                  | mutation]
 68823 | D:10     | Lost mutation: Your magical capacity is very low. (-20% MP)
                  | [potion of mutation]
 68823 | D:10     | Lost mutation: Your spells are a little easier to cast, but
                  | a little less powerful. [potion of mutation]
 68823 | D:10     | Lost mutation: You occasionally lose the ability to read
                  | scrolls when taking damage. [potion of mutation]
 68823 | D:10     | Lost mutation: You occasionally shout uncontrollably at
                  | your foes. [potion of mutation]
 68823 | D:10     | Gained mutation: You possess an exceptional clarity of
                  | mind. [potion of mutation]
 68824 | D:10     | Lost mutation: You are vulnerable to heat. (rF-) [potion of
                  | mutation]
 68824 | D:10     | Lost mutation: You are very clumsy. (Dex -4) [potion of
                  | mutation]
 68824 | D:10     | Lost mutation: You do not regenerate when monsters are
                  | visible. [potion of mutation]
 68824 | D:10     | Lost mutation: You are dopey. (Int -2) [potion of mutation]
 68824 | D:10     | Lost mutation: You are clumsy. (Dex -2) [potion of
                  | mutation]
 68824 | D:10     | Lost mutation: You are very weak. (Str -4) [potion of
                  | mutation]
 68825 | D:10     | Lost mutation: You possess an exceptional clarity of mind.
                  | [potion of mutation]
 68825 | D:10     | Lost mutation: You are very frail. (-20% HP) [potion of
                  | mutation]
 68825 | D:10     | Lost mutation: You occasionally lose the ability to drink
                  | potions when taking damage. [potion of mutation]
 68825 | D:10     | Gained mutation: Your spells are a little easier to cast,
                  | but a little less powerful. [potion of mutation]
 68825 | D:10     | Gained mutation: You are very frail. (-20% HP) [potion of
                  | mutation]
 68825 | D:10     | Gained mutation: Your movements are slightly less
                  | encumbered by armour. (ER -2) [potion of mutation]
 68826 | D:10     | Lost mutation: Your spells are a little easier to cast, but
                  | a little less powerful. [potion of mutation]
 68826 | D:10     | Lost mutation: Your body often deteriorates upon taking
                  | damage. [potion of mutation]
 68826 | D:10     | Gained mutation: You possess an exceptional clarity of
                  | mind. [potion of mutation]
 68826 | D:10     | Lost mutation: You are weak. (Str -2) [potion of mutation]
 68826 | D:10     | Gained mutation: Your movements are less encumbered by
                  | armour. (ER -4) [potion of mutation]
 68827 | D:10     | Lost mutation: Your magical capacity is low. (-10% MP)
                  | [potion of mutation]
 68827 | D:10     | Lost mutation: You are very frail. (-20% HP) [potion of
                  | mutation]
 68827 | D:10     | Gained mutation: You have hidden genetic potential. [potion
                  | of mutation]
 68827 | D:10     | Lost mutation: You are frail. (-10% HP) [potion of
                  | mutation]
 68997 | Slime:3  | Found a shimmering altar of Xom.
 69198 | Slime:3  | Reached skill level 10 in Evocations
 69519 | Slime:5  | Entered Level 5 of the Pits of Slime
 69567 | Slime:5  | Noticed the Royal Jelly
 69986 | Slime:5  | Killed the Royal Jelly
 69990 | Slime:5  | HP: 3/175 [rockslime (17)]
 69996 | Slime:5  | Killed by an exploding rockslime... ignited by their inner
                  | flame

Illustrated notes

Levels and vault maps discovered:
D:1:      minmay_arrival_checkered_box, layout_rooms, serial_co_window_serial,
          co_window_of_opportunity_a, co_window_corner_a, co_window_corner_a,
          co_window_paths_b, co_window_paths_a, co_window_paths_a,
          co_window_of_opportunity_a, co_window_unsneaky_path_a,
          co_window_broadway_b, co_window_2corner, co_window_broadway_b,
          glass_columns_b
D:2:      layout_rooms
D:3:      layout_loops_corners, minmay_increasing_density,
          uniq_crazy_yiuf_cottage
D:4:      layout_loops_ring, ebering_ghost_sewer_f
D:5:      layout_loops_corners, nicolae_overflow_crystal_walls,
          minmay_temple_entry_steel_oval, minmay_lizard_king, uniq_menkaure
D:6:      layout_loops_ring, cheibrodos_sewer_entry_drain, dk_vineyard_3,
          blue_anna_alchemist, nicolae_the_louvre
D:7:      layout_loops_cross, nicolae_ru_the_path_less_chosen,
          kennysheep_cross_room, chequers_serial_rivers_room_b
D:8:      layout_basic, grunt_dithmenos_smoke_and_mirrors,
          mainiacjoe_overflow_alcove_1, special_room [special_room_orc],
          nicolae_ossuary_entry_ruins, st_stairs_1, nrook_mini_vaults,
          small_statue_alley_b
D:9:      layout_basic, grunt_temple_overflow_order_and_chaos_2,
          mainiacjoe_overflow_surrounded_room, david_lair_generic
D:10:     layout_rooms, mainiacjoe_overflow_24_doors,
          amethyst_overflow_temple_binary, david_orc_4, minmay_statues_item
D:11:     layout_roguey, gauntlet_entry_generic, hellmonk_sif_muna_bookshelves
D:12:     layout_gridville, ebering_ghost_xom
D:13:     layout_layer_cave
D:14:     layout_grid_maze, grunt_vaults_entry_fortified, special_room
          [special_room_orc], minmay_crystal_room
D:15:     grunt_enter_depths_magical_seal, layout_loops_corners, serial_shops,
          nicolae_shop_rolling_square, nicolae_lakefront_shop,
          nicolae_concentric_dashed_squares_wild, corner_web_ring,
          minmay_microvault, uniq_jorgrun, uniq_kirke
Temple:   hellmonk_temple_two_chambers
Lair:1:   layout_cave_pods
Lair:2:   layout_roguey, guppyfry_snake_entry_garden, serial_bayou,
          serial_bayou_pond_e, serial_bayou_pond_e, serial_bayou_pond_d,
          serial_bayou_shore_a, gammafunk_ghost_hive
Lair:3:   dreamdust_isle_of_ice, layout_hall_layers, minmay_swamp_entry_worms,
          portal_ice_cave_entry_pillars_1
Lair:4:   layout_small_grid, slime_entry_1, columned_hall_lemuel,
          infiniplex_staircase_pool_2
Lair:5:   minmay_lair_end_enchanted_forest, layout_cellular_growth,
          nicolae_quartered_pool_medium, serial_bayou_pond_d
Swamp:1:  layout_basic_swamp, nicolae_swamp_dense_foliage, swamp_pool_4
Swamp:2:  layout_basic_swamp, evilmike_swamp_ruin_rubble_2,
          nicolae_swamp_long_stream, uniq_frances
Swamp:3:  layout_basic_swamp, basic_altar, uniq_nikola
Swamp:4:  swamp, layout_basic_swamp
Snake:1:  layout_basic, serial_library_hellmonk_hallway_b, grunt_megastairs_1
Snake:2:  layout_misc_corridors, basic_altar, uniq_vashnia, uniq_aizul
Snake:3:  layout_misc_corridors, gammafunk_ghost_grave, nicolae_shop_clearance,
          lemuel_fruit_tree, grunt_megastairs_5
Snake:4:  grunt_snake_rune_serpentine_throne, layout_misc_corridors, basic_altar
Slime:1:  layout_caves
Slime:2:  layout_caves, basic_altar, nicolae_slime_getting_an_eyeful
Slime:3:  layout_caves, basic_altar, nicolae_slime_round_cave
Slime:4:  layout_caves, nicolae_slime_welcoming_committee
Slime:5:  slime_pit
Orc:1:    layout_caves, serial_shops, nicolae_shop_behind_doors, uniq_snorg
Orc:2:    st_orc_open, layout_diamond_mine, uniq_sonja
Elf:1:    eino_elf_arrival_shootout, layout_geoelf_diagonals,
          hangedman_elven_crosses_minicolossus, uniq_azrael
Elf:2:    elven_hall_of_blades_hangedman_alternative
          [nicolae_blade_entry_splitting_headache], layout_loops_ring
Elf:3:    grunt_elf_hall_spiral, layout_geoelf_octagon, basic_altar,
          nicolae_elf_free_trip_to_the_abyss, uniq_norris
Vaults:1: mu_enter_wizlab_3, v_alt_pattern_2, hangedman_vaults_restitches,
          v_misc_9, v_pattern_4, nicolae_vaults_tetromino_Z_1,
          nicolae_vaults_storage_closets_2, layout_vaults_omnigrid,
          serial_shops, nicolae_shop_tiny_statue_garden
Depths:1: layout_roguey, enter_ziggurat_c, abyss_entry,
          hangedman_abyss_or_decor_stagger, serial_corexii_hall,
          corexii_hall_statues_t, corexii_hall_statues_u, hell_entry,
          fedhas_altar_3
Depths:2: minmay_guarded_unrand_majin_bo, layout_gridlike, serial_bayou_ford_a,
          abyss_entry_flame_altar, hangedman_tar_grid_catacomb,
          grunt_pan_entry_zigzag
Depths:3: minmay_eyes, layout_basic, serial_sigils,
          serial_sigils_hangedman_stare, serial_sigils_hangedman_shear,
          serial_sigils_hangedman_scar, serial_sigils_hangedman_shear,
          hell_entry, abyss_entry, nicolae_uskayaw_en_pointe, uniq_josephina
Depths:4: evilmike_zot_entry_round, layout_basic, hangedman_decor_riveting,
          abyss_entry, hellmouth_1, minmay_guarded_unrand_curses,
          serial_bayou_shore_b, uniq_xtahua, uniq_margery

Skill      XL: |  1  2  3  4  5  6  7  8  9 10 11 12 13 14 15 16 17 18 19 20 21 22 23 |
---------------+----------------------------------------------------------------------+-----
Dodging        | 2 3 4 5 6 |  6.0
Spellcasting   | 1 3 4 5 6 7 8 9 10 11 12 13 15 | 15.4
Ranged Weapons | 2 4 5 6 7 8 9 10 11 12 | 12.0
Conjurations   | 1 3 5 7 8 10 11 12 13 14 | 14.0
Armour         | 1 3 4 6 7 8 9 |  9.3
Evocations     | 1 2 4 5 7 9 10 | 10.0
Fighting       | 4 5 6 7 8 9 10 11 12 13 | 13.0
Stealth        | 7 8 9 |  9.0
Fire Magic     | 2 5 6 7 9 10 11 12 13 | 13.9
Earth Magic    | 1 6 7 8 |  8.0
Staves         | 1 |  1.2
Shields        | 6 9 11 12 14 15 16 17 18 | 18.2
Air Magic      | 2 6 9 10 | 10.1
Ice Magic      | 5 6 8 9 10 | 10.0
Translocations | 2 4 5 6 |  6.0
Poison Magic   | 2 5 |  5.0
Long Blades    | 4 6 7 |  7.7
Maces & Flails | |  2.2

Action                     |  1- 3 |  4- 6 |  7- 9 | 10-12 | 13-15 | 16-18 | 19-21 | 22-24 || total
---------------------------+-------+-------+-------+-------+-------+-------+-------+-------++-------
  Melee: Mace              |    46 |    66 |       |       |       |       |       |       ||   112
         Rapier            |     1 |       |       |       |       |       |       |       ||     1
         Dagger            |       |   220 |    15 |       |       |       |       |       ||   235
         Punch             |       |     3 |       |       |       |       |       |       ||     3
         Quarterstaff      |       |       |     3 |       |       |     1 |       |       ||     4
         Flail             |       |       |       |       |       |       |    11 |       ||    11
         Double sword      |       |       |       |       |       |       |    26 |   125 ||   151
         Scimitar          |       |       |       |       |       |       |     3 |       ||     3
         Bo                |       |       |       |       |       |       |       |     5 ||     5
   Fire: Sling             |       |   163 |     6 |       |       |       |       |       ||   169
         Orcbow            |       |       |   144 |   497 |   928 |   838 |   698 |   407 ||  3512
  Throw: Dart              |       |       |     2 |     5 |     7 |    15 |     5 |       ||    34
   Cast: Sticky Flame      |       |       |       |     7 |   147 |    75 |    49 |    44 ||   322
         Stone Arrow       |       |       |       |       |     2 |     6 |    84 |     1 ||    93
         Plasma Beam       |       |       |       |       |       |    44 |    51 |    39 ||   134
         Fireball          |       |       |       |       |       |    40 |    11 |    15 ||    66
         Freezing Cloud    |       |       |       |       |       |   181 |   283 |   150 ||   614
         Ignite Poison     |       |       |       |       |       |     3 |     2 |     7 ||    12
         Olgreb's Toxic Ra |       |       |       |       |       |     1 |     3 |     6 ||    10
         Conjure Ball Ligh |       |       |       |       |       |     3 |     8 |     5 ||    16
         Apportation       |       |       |       |       |       |       |     1 |       ||     1
         Iskenderun's Myst |       |       |       |       |       |       |    38 |   130 ||   168
         Ignition          |       |       |       |       |       |       |       |     2 ||     2
Ability: Shaft Self        |       |     1 |       |     5 |     2 |       |     8 |     7 ||    23
         Dig               |       |       |     3 |     4 |     8 |     3 |     7 |     9 ||    34
  Evoke: Wand              |       |       |     1 |     3 |    11 |     9 |       |    12 ||    36
         Lightning rod     |       |       |       |     4 |     8 |     3 |       |       ||    15
    Use: Potion            |       |     6 |       |     2 |     4 |     2 |     4 |    14 ||    32
         Scroll            |       |     4 |     9 |     4 |     9 |     4 |     5 |     5 ||    40
   Stab: Sleeping          |     1 |     9 |     1 |       |       |       |       |       ||    11
 Armour: Leather armour    |    19 |   219 |    31 |       |       |   115 |   205 |       ||   589
         Ring mail         |       |       |    19 |   198 |   366 |   211 |   125 |   275 ||  1194
  Dodge: Dodged            |    35 |   226 |    24 |   148 |   328 |   219 |   219 |   164 ||  1363
  Block: Buckler           |       |       |       |       |   158 |    53 |       |       ||   211
         Kite shield       |       |       |       |       |       |   127 |   273 |   218 ||   618
         Reflection        |       |       |       |       |       |    45 |    30 |     3 ||    78

Table legend: (Time is in decaauts)
 A = Elapsed time spent in this place.
 B = Non-inter-level travel time spent in this place.
 C = Inter-level travel time spent in this place.
 D = Time resting spent in this place.
 E = Time spent auto-exploring this place.
 F = Levels seen in this place.
 G = Mean time per level.
                   A        B        C        D        E       F      G
               +--------+--------+--------+--------+--------+-----+--------+
         Total |  70687 |  63572 |   7115 |  22759 |  19725 |  47 | 1504.0 |
       Dungeon |  23091 |  19932 |   3159 |   5038 |   8300 |  15 | 1539.4 |
        Temple |     12 |      1 |     11 |      0 |      0 |   1 |   12.0 |
          Lair |   8220 |   6975 |   1245 |   2028 |   3055 |   5 | 1644.0 |
         Swamp |   6510 |   6050 |    460 |   2792 |   1193 |   4 | 1627.5 |
     Snake Pit |   8075 |   7248 |    827 |   3154 |   1787 |   4 | 2018.8 |
    Slime Pits |   4335 |   4213 |    122 |   1769 |   1055 |   5 |  867.0 |
  Orcish Mines |   2054 |   1674 |    380 |    481 |    492 |   2 | 1027.0 |
   Elven Halls |   8273 |   7804 |    469 |   3573 |   1644 |   3 | 2757.7 |
        Vaults |      1 |      1 |      0 |      0 |      0 |   1 |    1.0 |
        Depths |   7968 |   7528 |    440 |   3261 |   1877 |   4 | 1992.0 |
         Sewer |    593 |    593 |      0 |    135 |    214 |   1 |  593.0 |
       Ossuary |    180 |    180 |      0 |     73 |      0 |   1 |  180.0 |
      Ice Cave |   1368 |   1368 |      0 |    453 |    107 |   1 | 1368.0 |
               +--------+--------+--------+--------+--------+-----+--------+

Top non-repeatable levels by time:
    D:14: 3945 daAuts
Depths:1: 3204 daAuts
   Elf:3: 3129 daAuts
Depths:3: 3092 daAuts
 Snake:1: 2977 daAuts
   Elf:1: 2620 daAuts
   Elf:2: 2523 daAuts
    D:15: 2195 daAuts
 Swamp:1: 2123 daAuts
 Snake:4: 2011 daAuts
  Lair:5: 1982 daAuts
 Swamp:2: 1959 daAuts
  Lair:3: 1942 daAuts
     D:3: 1748 daAuts
    D:13: 1739 daAuts
